 Dungeon Crawl Stone Soup version 0.28-a0-1624-g820543e53a (webtiles) character file.

Game seed: 18093021509002666582

49 timneilson the Covered (level 3, -1/23 HPs)
             Began as a Gargoyle Fighter on Jan 23, 2022.
             Slain by an orc wizard (3 damage)
             ... on level 2 of the Dungeon.
             The game lasted 00:01:06 (1020 turns).

timneilson the Covered (Gargoyle Fighter)           Turns: 1020, Time: 00:01:07

Health: -1/23      AC: 10    Str: 21    XL:     3   Next: 77%
Magic:  3/3        EV:  9    Int:  8    God:
Gold:   59         SH:  4    Dex:  9    Spells: 2/2 levels left

rFire   . . .      SeeInvis .   a - +0 long sword
rCold   . . .      Faith    .   c - +0 buckler
rNeg    + . .      Spirit   .   b - +0 scale mail
rPois   ∞          Reflect  .   (no helmet)
rElec   +          Harm     .   (no cloak)
rCorr   .          Rampage  .   (no gloves)
Will    .....                   (no boots)
Stlth   ..........              (no amulet)
HPRegen 0.07/turn               (no ring)
MPRegen 0.08/turn               (no ring)

@: no status effects
A: sickness immunity, AC +3, negative energy resistance 1, electricity
resistance, torment resistance 1, petrification resistance
a: no special abilities


You were on level 2 of the Dungeon.
You visited 1 branch of the dungeon, and saw 2 of its levels.

You collected 59 gold pieces.

Inventory:

Hand Weapons
 a - a +0 long sword (weapon)
Armour
 b - a +0 scale mail (worn)
 c - a +0 buckler (worn)
Potions
 d - a potion of might
 e - a potion of degeneration {unknown}
 g - a potion of curing {unknown}


   Skills:
 + Level 3.5 Fighting
 * Level 2.4 Long Blades
 * Level 3.8 Armour
 + Level 0.7 Dodging
 * Level 3.7 Shields


You had 2 spell levels left.
You didn't know any spells.
Your spell library contained the following spells:

 Spells                   Type           Power      Damage    Failure   Level
 Borgnjor's Revivificati  Necr           0%         N/A       100%        8
 Necromutation            Tmut/Necr      0%         N/A       100%        8
 Death's Door             Necr           0%         N/A       100%        9


Dungeon Overview and Level Annotations

Branches:
Dungeon (2/15)

Altars:


Innate Abilities, Weirdness & Mutations

You are immune to sickness and miasma.
Your stone body is resilient. (AC +3)
You are immune to poison.
You resist negative energy. (rN+)
You are resistant to electric shocks. (rElec)
You are resistant to unholy torment.
You are immune to petrification.


Message History

Increase (S)trength, (I)ntelligence, or (D)exterity?
You feel stronger. x2
The orc wizard casts a spell at you.
You are confused.
The orc shouts!
The orc hits you with a +0 hand axe.
The orc wizard mumbles some strange words.
The orc wizard flickers and vanishes!
Deactivating autopickup; reactivate with Ctrl-A.
You bump into the rock wall.
The rat barely misses you. The orc hits you but does no damage.
The orc hits you but does no damage.
You're too confused to move!
You feel less confused. The rat barely misses you.
The orc hits you with a +0 hand axe.
You hit the rat.
You kill the rat!
The orc hits you with a +0 hand axe.
You barely miss something. The orc barely misses you.
You hear some strange, mumbled words.
Something tries to affect you, but you resist.
The orc hits you but does no damage.
You hit something but do no damage. Something hits you.
You block the orc's attack. Something hits you but does no damage.
You closely miss something. The orc hits you with a +0 hand axe.
Something hits you.
* * * LOW HITPOINT WARNING * * *
You closely miss something. Something hits you.
* * * LOW HITPOINT WARNING * * *
The orc barely misses you.
You miss something. Something hits you but does no damage.
The orc hits you but does no damage. x2; Something hits you.
* * * LOW HITPOINT WARNING * * *
You closely miss something. You block the orc's attack.
The orc hits you but does no damage. Something hits you but does no damage.
The orc hits you but does no damage. x2
You miss something.
A frilled lizard comes into view.
Something hits you.
You die...

..#
..#####+#
#....!l..
#........
#o.......
#........
#........
###.)......
+@{........
#oo........
#..........
#.....=....
#..........
###########


You could see 2 orcs and a frilled lizard (wandering).

Vanquished Creatures
  Jessica (D:2)
  6 endoplasms (D:1)
  A giant cockroach (D:1)
  A hobgoblin (D:1)
  3 jackals (D:1)
  A quokka (D:1)
  2 ball pythons (D:1)
  A frilled lizard (D:1)
  3 kobolds (D:1)
  3 rats
22 creatures vanquished.

Notes
Turn   | Place    | Note
-------+----------+-------------------------------------------
     0 | D:1      | timneilson the Gargoyle Fighter began the quest for the
                  | Orb.
     0 | D:1      | Reached XP level 1. HP: 14/14 MP: 1/1
   426 | D:1      | Reached XP level 2. HP: 16/19 MP: 2/2
   998 | D:2      | Noticed Jessica
  1006 | D:2      | Killed Jessica
  1007 | D:2      | Reached XP level 3. HP: 15/23 MP: 3/3
  1018 | D:2      | HP: 1/23 [something (2)]
  1020 | D:2      | Slain by an orc wizard

Illustrated notes

Levels and vault maps discovered:
D:1:      minmay_arrival_diagonal_passages, layout_loops_cross
D:2:      layout_basic, basic_altar, uniq_jessica

Skill      XL: |  1 |
---------------+----+-----
Long Blades    | 2 |  2.4
Fighting       | |  3.5
Armour         | |  3.8
Dodging        | |  0.7
Shields        | |  3.7

Action                   || total
-------------------------++-------
Melee: Long sword        ||    62
  Use: Scroll            ||     1
Armor: Scale mail        ||    34
Dodge: Dodged            ||    21
Block: Buckler           ||     9

Table legend: (Time is in decaauts)
 A = Elapsed time spent in this place.
 B = Non-inter-level travel time spent in this place.
 C = Inter-level travel time spent in this place.
 D = Time resting spent in this place.
 E = Time spent auto-exploring this place.
 F = Levels seen in this place.
 G = Mean time per level.
                   A        B        C        D        E       F      G
               +--------+--------+--------+--------+--------+-----+--------+
         Total |   1039 |   1019 |     20 |      0 |    850 |   2 |  519.5 |
       Dungeon |   1039 |   1019 |     20 |      0 |    850 |   2 |  519.5 |
               +--------+--------+--------+--------+--------+-----+--------+

Top non-repeatable levels by time:
     D:1: 1014 daAuts
     D:2: 25 daAuts
